 Dungeon Crawl Stone Soup version 0.32-a0-30-gefbe487952 (webtiles) character file.

Game seed: 11282555467008403805

3749 gruber the Grappler (level 10, 0/104 HPs)
             Began as an Oni Shapeshifter on Jan 19, 2024.
             Was an Initiate of Gozag.
             Killed from afar by a gargoyle (24 damage)
             ... with a stone arrow
             ... on level 8 of the Dungeon.
             The game lasted 00:09:30 (8078 turns).

gruber the Grappler (Oni Shapeshifter)              Turns: 8078, Time: 00:09:32

Health: 0/104      AC:  9    Str: 24    XL:     10   Next: 15%
Magic:  10/10      EV: 10    Int: 11    God:    Gozag
Gold:   644        SH:  0    Dex:  8    Spells: 9/9 levels left

rFire   . .          .
                       - Unarmed
rCold   + + .        (no shield)
rNeg    . . .        w - +2 robe {rC+}
rPois   .            (helmet currently unavailable)
rElec   .            (cloak currently unavailable)
rCorr   .            (gloves unavailable)
SInv    .            (boots unavailable)
Will    +....        (no amulet)
Stlth   +            x - ring of protection from cold
HPRegen 0.37/turn    r - +4 ring of protection
MPRegen 0.12/turn

%: no passive effects
@: beast-form, gold aura
A: beast (slay +4), large, unfitting armour, horns 1, tough skin 1, double
potion healing, drunken brawling
a: Begin Untransformation, Renounce Religion, Potion Petition, Call Merchant,
Bribe Branch


You were on level 8 of the Dungeon.
You worshipped Gozag.
Gozag was pleased with you.
You were a hulking beast.
You visited 2 branches of the dungeon, and saw 9 of its levels.

You collected 717 gold pieces.
You paid 73 gold pieces to Gozag.

Inventory:

Armour
 w - a +2 robe of cold resistance (worn)
 y - a scarf of resistance
Jewellery
 j - a ring of magical power
 r - a +4 ring of protection (right hand)
 x - a ring of protection from cold (left hand)
 A - a +6 ring of dexterity
Talismans
 a - a blade talisman
 c - a beast talisman
 d - a flux talisman
 v - a granite talisman
 z - a maw talisman
Wands
 o - a wand of iceblast (3)
 s - a wand of flame (28)
 u - a wand of paralysis (20)
Scrolls
 e - a scroll of torment {unknown}
 f - 14 scrolls of identify {unknown}
 h - 8 scrolls of teleportation {unknown}
 i - a scroll of fear {unknown}
 l - 2 scrolls of noise {unknown}
 q - a scroll of vulnerability {unknown}
 D - 2 scrolls of poison {unknown}
 E - a scroll of blinking {unknown}
Potions
 b - a potion of lignification
 g - a potion of haste {unknown}
 k - 2 potions of might {unknown}
 m - 6 potions of curing
 n - 2 potions of mutation {unknown}
 p - a potion of enlightenment {unknown}
 t - a potion of heal wounds {unknown}
 B - a potion of brilliance {unknown}
 C - a potion of degeneration {unknown}
 F - a potion of ambrosia {unknown}


   Skills:
 - Level 8.0 Fighting
 - Level 5.0 Dodging
 + Level 9.4 Unarmed Combat
 - Level 7.0 Shapeshifting


You had 9 spell levels left.
You didn't know any spells.
Your spell library contained the following spells:

 Spells                   Type           Power      Damage    Failure   Level
 Magic Dart               Conj           0%         1d3       34%         1
 Blink                    Tloc           0%         N/A       47%         2
 Call Imp                 Summ           0%         N/A       47%         2
 Lesser Beckoning         Tloc           0%         N/A       47%         2
 Gell's Gravitas          Tloc           0%         N/A       71%         3
 Summon Ice Beast         Ice/Summ       0%         N/A       71%         3
 Teleport Other           Tloc           0%         N/A       71%         3
 Olgreb's Toxic Radiance  Alch           0%         N/A       98%         4
 Summon Mana Viper        Hex/Summ       0%         N/A       100%        5
 Monstrous Menagerie      Summ           0%         N/A       100%        7
 Ozocubu's Refrigeration  Ice            0%         4d7       100%        7
 Discord                  Hex            0%         N/A       100%        8


Dungeon Overview and Level Annotations

Branches:
Dungeon (8/15)             Temple (1/1) D:6
   Lair: D:8-11

Altars:
Ashenzari
Cheibriados
Dithmenos
Elyvilon
Fedhas
Gozag
Hepliaklqana
Kikubaaqudgha
Nemelex Xobeh
Okawaru
Qazlal
Sif Muna
Trog
Uskayaw
Vehumet
Xom
Zin
The Shining One

Shops:
D:4 ?

Annotations:
D:7 1 runed translucent door, Crazy Yiuf


Innate Abilities, Weirdness & Mutations

You are a hulking beast.
Your limbs bulge with bestial killing power. (Slay +4)
You are too large for most types of armour.
You have a pair of small horns on your head.
You have tough skin. (AC +1)
You gain doubled healing and magic from potions.
Whenever you drink a healing potion, you attack all around you.


Message History

Your Unarmed Combat skill increases to level 9!
You hit the gargoyle but do no damage. The gargoyle barely misses you.
You hit the gargoyle but do no damage.
The gargoyle hurls a stone arrow at you.
The stone arrow misses you.
You barely miss the gargoyle.
The gargoyle is distracted by your dazzling golden aura.
Aiming: Paralyse
Press: ? - help, Shift-Dir - straight line, f/p - gargoyle
Aim: a gargoyle, wielding a +0 flail (unaware, hasn't noticed you, chance to affect: 31%)
The gargoyle is no longer distracted by gold.
The gargoyle easily resists.
The gargoyle hits you with a +0 flail!
Unknown command.
Aiming: Paralyse
Press: ? - help, Shift-Dir - straight line, f/p - gargoyle
Aim: a gargoyle, wielding a +0 flail (chance to affect: 31%)
The gargoyle easily resists.
The gargoyle hurls a stone arrow at you.
The stone arrow hits you!
Unknown command.
Unknown command.
You barely miss the orc wizard. You punch the orc wizard!
The orc wizard is severely wounded.
The gargoyle hits you with a +0 flail!
* * * LOW HITPOINT WARNING * * *
The orc wizard mumbles some strange words.
The orc wizard flickers and vanishes!
Something hits you but does no damage.
You pummel something!!
You feel a bit more experienced. The gargoyle closely misses you.
Something hits you but does no damage.
Unknown command.
Unknown command.
The gargoyle attacks as it pursues you! The gargoyle closely misses you.
Something hits you but does no damage.
Things that are here:
4 gold pieces; a +0 dagger; a +0 robe The gargoyle hurls a stone arrow at you.
The stone arrow hits you!!
You die...
Your body crumbles into a pile of gold.

#...................
#############..^....#
............#.......#
#.......#.#$....###
#.......#...#####
...##.....##V#.#
....###o####9#.#
#........##${.#
#...{.....#h#.#
##.u###...#.#.#
#!##....##...#
o9))....###.###
.##$#...## ?.# #V
##.. ..# #.. ..# #..
...# ...


You could see a vampire and a gargoyle.

Vanquished Creatures
  Pikel (D:7)
  An ugly thing (D:8)
  A troll (D:8)
  Eustachio (D:5)
  A water moccasin (D:6)
  Duvessa (D:5)
  2 ice beasts
  3 black bears
  2 ogres
  2 orc warriors (D:6)
  A phantom (D:5)
  A centaur (D:6)
  3 bullfrogs
  2 scorpions
  Dowan (D:5)
  2 howler monkeys
  2 hounds (D:5)
  A gnoll bouda (D:6)
  5 orc priests
  A sleepcap (D:5)
  Jessica (D:2)
  An iguana (D:5)
  11 orc wizards
  2 adders
  12 gnolls
  A white imp (D:8)
  2 ufetubi (D:3)
  4 dart slugs
  2 ribbon worms
  34 orcs
  6 bats
  7 endoplasms
  4 giant cockroaches
  13 goblins
  12 hobgoblins
  15 jackals
  4 quokkas
  7 ball pythons
  3 frilled lizards
  12 kobolds
  8 rats
195 creatures vanquished.

Notes
Turn   | Place    | Note
-------+----------+-------------------------------------------
     0 | D:1      | gruber the Oni Shapeshifter began the quest for the Orb.
     0 | D:1      | Reached XP level 1. HP: 19/19 MP: 1/1
    19 | D:1      | Reached skill level 3 in Unarmed Combat
   122 | D:1      | Reached XP level 2. HP: 21/27 MP: 2/2
   244 | D:1      | Reached XP level 3. HP: 24/33 MP: 3/3
   534 | D:1      | Reached skill level 4 in Unarmed Combat
   711 | D:2      | Noticed Jessica
   725 | D:2      | Killed Jessica
   726 | D:2      | Reached XP level 4. HP: 12/41 MP: 4/4
  1339 | D:2      | Found a glowing golden altar of the Shining One.
  2024 | D:3      | Found a faded altar of an unknown god.
  2028 | D:3      | Reached skill level 5 in Unarmed Combat
  2037 | D:3      | Reached XP level 5. HP: 44/48 MP: 5/5
  2258 | D:3      | HP: 1/48 [orc/+0 mace (5)]
  2607 | D:4      | Reached skill level 6 in Unarmed Combat
  2607 | D:4      | Reached XP level 6. HP: 30/55 MP: 6/6
  2935 | D:4      | Noticed a black bear
  2950 | D:4      | Killed a black bear
  3457 | D:4      | Found Bicvifa's Magic Scroll Shoppe.
  3549 | D:5      | Entered Level 5 of the Dungeon
  3586 | D:5      | Reached skill level 7 in Unarmed Combat
  3586 | D:5      | Reached XP level 7. HP: 49/62 MP: 7/7
  3952 | D:5      | Noticed Eustachio
  3971 | D:5      | Killed Eustachio
  3972 | D:5      | Reached skill level 8 in Unarmed Combat
  4020 | D:5      | Noticed Duvessa
  4020 | D:5      | Noticed Dowan
  4283 | D:5      | Killed Duvessa
  4284 | D:5      | Reached XP level 8. HP: 51/70 MP: 8/8
  4289 | D:5      | Killed Dowan
  4971 | D:6      | Reached skill level 5 in Dodging
  5156 | D:6      | Found a staircase to the Ecumenical Temple.
  5189 | Temple   | Entered the Ecumenical Temple
  5216 | Temple   | Became a worshipper of Gozag Ym Sagoz the Greedy
  5355 | D:6      | Reached skill level 5 in Fighting
  5561 | D:6      | Reached XP level 9. HP: 37/93 MP: 9/9
  5886 | D:6      | Paralysed by an orc warrior for 3 turns
  6713 | D:7      | Reached skill level 5 in Shapeshifting
  6988 | D:7      | Identified the +0 helmet of Minor Irritation {rCorr Str+3
                  | Slay+2}
  7022 | D:7      | Noticed Pikel
  7036 | D:7      | Killed Pikel
  7187 | D:7      | Found a runed translucent door.
  7188 | D:7      | Noticed Crazy Yiuf
  7215 | D:7      | Found a glowing golden altar of the Shining One.
  7215 | D:7      | Found a shimmering blue altar of Sif Muna.
  8044 | D:8      | Noticed a troll
  8045 | D:8      | Noticed a white ugly thing
  8049 | D:8      | Noticed a gargoyle
  8060 | D:8      | Killed a troll
  8061 | D:8      | Reached XP level 10. HP: 86/104 MP: 10/10
  8068 | D:8      | Killed a white ugly thing
  8069 | D:8      | Reached skill level 9 in Unarmed Combat
  8078 | D:8      | Killed from afar by a gargoyle

Illustrated notes

Levels and vault maps discovered:
D:1:      minmay_arrival_four_houses, layout_rooms
D:2:      minmay_alternating_diamond, layout_loops_corners, basic_altar,
          uniq_jessica
D:3:      layout_rooms, shapermc_ecumenical_altar_acropolis, minmay_surrounded
D:4:      layout_cave_pools, serial_shops, shop, eino_tiny_chamber
D:5:      nicolae_BIG_FREAKIN_CUBE, layout_loops_ring, uniq_duvessa,
          uniq_eustachio
D:6:      layout_basic, temple_green
D:7:      corexii_shack_village, layout_gridville,
          nicolae_overflow_two_pavilions, uniq_pikel, uniq_crazy_yiuf_cottage
D:8:      minmay_curly_fans, layout_basic, general_overflow_altar,
          kennysheep_mini
Temple:   lightli_temple_of_artemis

Skill      XL: |  1  2  3  4  5  6  7  8  9 10 |
---------------+-------------------------------+-----
Unarmed Combat | 3 4 5 6 7 8 9 |  9.4
Dodging        | 3 5 |  5.0
Fighting       | 7 8 |  8.0
Shapeshifting  | 7 |  7.0

Action                     |  1- 3 |  4- 6 |  7- 9 | 10-12 || total
---------------------------+-------+-------+-------+-------++-------
  Melee: Unarmed           |    69 |   184 |   293 |    14 ||   560
         Headbutt          |     8 |    18 |    41 |     4 ||    71
         Punch             |     1 |     5 |     9 |       ||    15
  Evoke: Wand              |       |     2 |     3 |     2 ||     7
    Use: Potion            |       |     1 |       |       ||     1
 Armour: Animal skin       |    37 |   135 |   163 |       ||   335
         Robe              |       |       |    54 |    11 ||    65
  Dodge: Dodged            |    21 |    68 |   130 |     5 ||   224

Table legend: (Time is in decaauts)
 A = Elapsed time spent in this place.
 B = Non-inter-level travel time spent in this place.
 C = Inter-level travel time spent in this place.
 D = Time resting spent in this place.
 E = Time spent auto-exploring this place.
 F = Levels seen in this place.
 G = Mean time per level.
                   A        B        C        D        E       F      G
               +--------+--------+--------+--------+--------+-----+--------+
         Total |   8003 |   7760 |    243 |    244 |   6270 |   9 |  889.2 |
       Dungeon |   7958 |   7733 |    225 |    244 |   6260 |   8 |  994.8 |
        Temple |     44 |     27 |     17 |      0 |     10 |   1 |   44.0 |
               +--------+--------+--------+--------+--------+-----+--------+

Top non-repeatable levels by time:
     D:7: 1668 daAuts
     D:6: 1494 daAuts
     D:2: 1219 daAuts
     D:5: 1180 daAuts
     D:4: 952 daAuts
     D:3: 680 daAuts
     D:1: 672 daAuts
     D:8: 91 daAuts
  Temple: 44 daAuts
